 Dungeon Crawl Stone Soup version 0.31.0-32-g396128a36d (webtiles) character file.

Game seed: 7502986978240953207

10775 sking99 the Destroyer (level 11, -2/68 HPs)
             Began as a Tengu Conjurer on Mar 14, 2024.
             Was an Elder of Dithmenos.
             Slain by Snorg (12 damage)
             ... on level 10 of the Dungeon on Mar 15, 2024.
             The game lasted 00:46:56 (15669 turns).

sking99 the Destroyer (Tengu Conjurer)             Turns: 15669, Time: 00:46:56

Health: -2/68      AC:  7    Str: 18    XL:     11   Next: 67%
Magic:  6/23       EV: 19    Int: 19    God:    Dithmenos [****..]
Gold:   427        SH:  0    Dex: 12    Spells: 4/25 levels left

rFire   . . .        t - +1 dagger (venom)
rCold   + . .        (no shield)
rNeg    . . .        n - +2 robe {Will+}
rPois   .            (helmet restricted)
rElec   +            C - +1 cloak "Tizir" {rElec rC+}
rCorr   .            d - +0 pair of gloves
SInv    .            (boots unavailable)
Will    +....        (no amulet)
Stlth   +++          j - +6 ring of strength
HPRegen 0.31/turn    (no ring)
MPRegen 0.18/turn

%: acrobat
@: flying, hasted, wreathed by umbra, very quick
A: beak, talons 3, evasive flight, acrobatic
a: Renounce Religion, Shadow Step


You were on level 10 of the Dungeon.
You worshipped Dithmenos.
Dithmenos was greatly pleased with you.
You visited 2 branches of the dungeon, and saw 11 of its levels.
You also visited: Sewer and Bailey.

You collected 449 gold pieces.
You spent 22 gold pieces at shops.

Inventory:

Hand Weapons
 t - a +1 dagger of venom (weapon)
Missiles
 z - 3 throwing nets
Armour
 d - a +0 pair of gloves (worn)
 m - a +1 cloak
 n - a +2 robe of willpower (worn)
 C - the +1 cloak "Tizir" (worn) {rElec rC+}
   (You acquired it on level 6 of the Dungeon)

   rC+:       It protects you from cold.
   rElec:     It insulates you from electricity.
 G - the +0 fire dragon scales of the Present {rPois rF++ rC- rN+}
   (You took it off an orc warrior in a bailey)

   rF++:      It greatly protects you from fire.
   rC-:       It makes you vulnerable to cold.
   rPois:     It protects you from poison rN+: It protects you from negative
   energy.
Jewellery
 j - a +6 ring of strength (left hand)
Wands
 B - a wand of mindburst (10)
 E - a wand of flame (18)
Scrolls
 a - a scroll of poison {unknown}
 h - 4 scrolls of vulnerability
 l - 5 scrolls of enchant weapon
 p - 4 scrolls of teleportation
 q - 3 scrolls of noise
 s - a scroll of fog {unknown}
 x - 2 scrolls of immolation
 y - a scroll of revelation
 A - a scroll of acquirement
 D - a scroll of amnesia {unknown}
 F - a scroll of fear
Potions
 b - a potion of magic
 c - 5 potions of brilliance
 e - 5 potions of enlightenment
 f - 3 potions of curing
 g - a potion of lignification
 k - a potion of ambrosia {unknown}
 o - 5 potions of haste
 r - a potion of might {unknown}
 u - 2 potions of mutation
 v - 2 potions of berserk rage
 w - 2 potions of cancellation {unknown}


   Skills:
 + Level 7.8 Fighting
 + Level 8.6 Dodging
 - Level 3.0 Stealth
 + Level 7.5 Spellcasting
 + Level 11.8 Conjurations
 - Level 4.0 Translocations
 + Level 6.5 Air Magic
 - Level 4.5 Alchemy


You had 4 spell levels left.
You knew the following spells:

 Your Spells              Type           Power      Damage    Failure   Level
a - Magic Dart            Conj           100%       1d8       1%          1
b - Searing Ray           Conj           100%       2d8       1%          2
c - Fulminant Prism       Conj/Alch      19%        3d11      3%          4
d - Iskenderun's Mystic   Conj/Tloc      37%        2d9       3%          4
e - Arcjolt               Conj/Air       21%        1d31      6%          5
f - Borgnjor's Vile Clut  Necr/Erth      3%         N/A       95%         5

Your spell library contained the following spells:

 Spells                   Type           Power      Damage    Failure   Level
 Static Discharge         Conj/Air       84%        3-7/arc   1%          2
 Cigotuvi's Dreadful Rot  Necr/Alch/Air  42%        N/A       3%          2
 Airstrike                Air            16%        2d(3-19)  6%          4
 Slow                     Hex            28%        N/A       10%         1
 Manifold Assault         Tloc           22%        N/A       19%         4
 Passage of Golubria      Tloc           22%        N/A       19%         4
 Summon Lightning Spire   Summ/Air       19%        N/A       24%         4
 Call Canine Familiar     Summ           7%         N/A       28%         3
 Confusing Touch          Hex            7%         N/A       28%         3
 Sigil of Binding         Hex            7%         N/A       28%         3
 Vampiric Draining        Necr           7%         2d6       28%         3
 Ignite Poison            Fire/Alch      15%        N/A       36%         4
 Petrify                  Alch/Erth      15%        N/A       36%         4
 Dimensional Bullseye     Hex/Tloc       7%         N/A       38%         4
 Freezing Cloud           Conj/Ice/Air   15%        6-21      22%         5
 Silence                  Hex/Air        9%         N/A       56%         5
 Dispersal                Tloc           11%        N/A       96%         6
 Disjunction              Tloc           11%        N/A       100%        8
 Lehudib's Crystal Spear  Conj/Erth      14%        10d5      100%        8
 Maxwell's Capacitive Co  Air            16%        ∞         100%        8


Dungeon Overview and Level Annotations

Branches:
Dungeon (10/15)            Temple (1/1) D:5            Lair (0/5) D:9
  Sewer (visited)          Bailey (visited)
    Orc: D:9-12

Altars:
Ashenzari
Cheibriados
Dithmenos
Elyvilon
Fedhas
Gozag
Hepliaklqana
Kikubaaqudgha
Makhleb
Nemelex Xobeh
Okawaru
Qazlal
Ru
Sif Muna
Trog
Uskayaw
Vehumet
Wu Jian
Xom
Yredelemnul
Zin
The Shining One

Shops:
D:7 :?[(

Annotations:
D:9 1 runed translucent door, aheadsoundss's ghost, novice OpSh
D:10 Snorg


Innate Abilities, Weirdness & Mutations

You have a beak for a mouth.
You have claws for feet.
Your magical flight helps you evade attacks. (EV +4)
You can magically evade attacks while moving or waiting.


Message History

You hear a shout! x2
The searing ray hits the orc warrior.
The orc warrior is heavily wounded.
A troll comes into view.
The orc warrior shoots an arrow.
The arrow completely misses you.
The searing ray hits the orc warrior.
The orc warrior is severely wounded.
The orc warrior shoots an arrow.
The arrow hits you but does no damage.
The searing ray hits the orc warrior!
You kill the orc warrior!
Dithmenos accepts your kill.
You finish channelling your searing ray.
Casting: Searing Ray (safe; 1% risk of failure)
Confirm with . or Enter, or press ? or * to list all spells.
Aiming: Searing Ray (safe; 1% risk of failure)
Press: ? - help, Shift-Dir - straight line, f - troll
Aim: a troll (umbra, 83% to hit)
The searing ray hits the troll!
The troll is moderately wounded. (Press . to maintain the ray.)
The searing ray hits the troll.
The troll is moderately wounded.
The searing ray hits the troll but does no damage.
The troll is moderately wounded.
Snorg the Insatiable comes into view.
The troll completely misses you. The troll barely misses you.
The troll claws you!
Unknown command.
Snorg goes berserk!
The troll attacks as it pursues you! The troll bites you!
The troll completely misses you. The troll closely misses you.
An orc wizard comes into view. It is wielding a +0 dagger.
Snorg rages.
Snorg attacks as she pursues you! Snorg bites you!
Snorg claws you but does no damage. Snorg closely misses you.
Found a hand axe.
Snorg completely misses you. Snorg claws you!!
* * * LOW HITPOINT WARNING * * *
Snorg completely misses you.
Unknown command.
You feel yourself speed up. Snorg misses you. x2; Snorg claws you!
You die...

##...##.##...##.#**,,,,* *,*,*,
#####...#####~.##,,,,,***,*,,, ##
##.#.~~~~~~.#,*,,,,,,,,,,* .##
#...#~~~~..#,*,,,,,,,,,,*
..#########...~~...#,#,,,,,,,,,,*
......#....#.......#.#,*****+*,,,
......#....#.#.....),*,,,,,,,**,*
...(..#........##.#*****,,,****,*
.#..>.#.........@.# ****,,*,,,,,
.#.............##T# *,,,,,*,##*,
#######........##.# *,***,,...,,
#...(....##T####....##.####
#........)..#######........
#........#........#....####
#####....##...T...#........
########..###)o..#.#...
##...#.#..#.#...


You could see Snorg (berserk) and a troll.

Vanquished Creatures
  Josephine (D:10)
  2 two-headed ogres
  An orc knight (Bailey)
  An orc sorcerer (Bailey)
  A kobold demonologist (Bailey)
  A troll (D:9)
  A hornet (D:4)
  3 wyverns
  4 wraiths
  2 steam dragons
  Edmund (D:6)
  Menkaure (D:5)
  A water moccasin (D:5)
  An ice beast (D:6)
  14 orc warriors
  A sky beast (D:7)
  5 ogres
  A black bear (D:7)
  4 centaurs
  A phantom (D:5)
  4 kobold brigands
  5 bullfrogs
  A gnoll sergeant (D:7)
  5 scorpions
  A burial acolyte (D:5)
  5 wights (D:8)
  7 killer bees (D:9)
  11 electric eels
  2 jellies
  4 hounds
  5 orc priests
  A bombardier beetle (D:5)
  A sleepcap (D:7)
  4 gnoll boudas
  Jessica (D:2)
  4 iguanas
  7 orc wizards
  26 gnolls
  5 river rats
  17 adders
  A shadow imp (D:6)
  2 ufetubi (D:5)
  4 adder zombies (D:5)
  3 dart slugs
  5 ribbon worms
  29 orcs
  12 ball pythons
  14 endoplasms
  7 giant cockroaches
  16 goblins
  11 hobgoblins
  5 jackals
  5 quokkas
  6 bats
  4 frilled lizards
  A jackal zombie (D:5)
  23 kobolds
  25 rats
336 creatures vanquished.

Vanquished Creatures (others)
  44 fulminant prisms
44 creatures vanquished.

Grand Total: 380 creatures vanquished

Notes
Turn   | Place    | Note
-------+----------+-------------------------------------------
     0 | D:1      | sking99 the Tengu Conjurer began the quest for the Orb.
     0 | D:1      | Reached XP level 1. HP: 10/10 MP: 4/4
   211 | D:1      | Reached XP level 2. HP: 16/16 MP: 3/6
   544 | D:1      | Reached skill level 1 in Fighting
   605 | D:1      | Learned a level 2 spell: Searing Ray
   620 | D:1      | Reached XP level 3. HP: 20/20 MP: 3/7
  1612 | D:2      | Reached XP level 4. HP: 25/25 MP: 5/8
  1643 | D:2      | Learned a level 4 spell: Fulminant Prism
  2165 | D:2      | Reached skill level 6 in Conjurations
  2407 | D:2      | Noticed Jessica
  2412 | D:2      | Killed Jessica
  2683 | D:3      | Reached XP level 5. HP: 30/30 MP: 7/10
  3396 | D:4      | Reached skill level 1 in Alchemy
  3862 | D:4      | Reached XP level 6. HP: 36/36 MP: 6/11
  4003 | D:4      | Identified a scroll of acquirement
  4003 | D:4      | Acquired the Parchment of Clay and the Wind
  4096 | D:4      | Noticed a hornet
  4114 | D:4      | Reached skill level 7 in Conjurations
  4114 | D:4      | Gained mutation: Your magical flight helps you evade
                  | attacks. (EV +4) [Tengu growth]
  4114 | D:4      | Reached XP level 7. HP: 16/40 MP: 1/13
  4351 | D:4      | Paralysed by a hornet for 1 turns
  4356 | D:4      | Killed a hornet
  4751 | D:5      | Entered Level 5 of the Dungeon
  4896 | D:5      | Reached XP level 8. HP: 29/48 MP: 9/15
  4908 | D:5      | Found a staircase to the Ecumenical Temple.
  4917 | Temple   | Entered the Ecumenical Temple
  4970 | Temple   | Became a worshipper of Dithmenos the Shadowed
  5175 | D:5      | Found a glowing drain.
  5182 | Sewer    | Entered a sewer
  5518 | Sewer    | Reached * piety under Dithmenos
  5726 | Sewer    | Reached skill level 8 in Conjurations
  6191 | D:5      | Noticed Menkaure
  6204 | D:5      | Killed Menkaure
  6205 | D:5      | Reached skill level 5 in Dodging
  6519 | D:5      | Found an ancient bone altar of Kikubaaqudgha.
  6587 | D:5      | Reached XP level 9. HP: 52/52 MP: 11/17
  7086 | D:5      | Reached skill level 5 in Spellcasting
  7168 | D:5      | Learned a level 4 spell: Iskenderun's Mystic Blast
  7443 | D:6      | Noticed a two-headed ogre
  7461 | D:6      | Killed a two-headed ogre
  7462 | D:6      | Reached skill level 5 in Fighting
  7462 | D:6      | Reached skill level 9 in Conjurations
  7706 | D:6      | Reached ** piety under Dithmenos
  7966 | D:6      | Learned a level 5 spell: Arcjolt
  8294 | D:6      | Noticed Edmund
  8314 | D:6      | Killed Edmund
  8315 | D:6      | Reached skill level 1 in Air Magic
  8503 | D:6      | Found an iron altar of Okawaru.
  8506 | D:6      | Found a burning altar of Makhleb.
  8645 | D:7      | Reached skill level 1 in Translocations
  8819 | D:7      | Reached skill level 10 in Conjurations
  8819 | D:7      | Reached XP level 10. HP: 55/60 MP: 13/20
  9204 | D:7      | You are sucked into a shaft and drop 2 floors!
  9251 | D:9      | Found a runed translucent door.
  9252 | D:9      | Identified the +5 spear "Kathav" {drain, Dex+5}
  9252 | D:9      | Noticed aheadsoundss's ghost (novice OpSh)
  9300 | D:9      | Found a staircase to the Lair.
 10148 | D:7      | Found Qipnoepn's Antique Armour Shop.
 10325 | D:7      | Found Usseapt's Magic Scroll Shop.
 10329 | D:7      | Found Ebloteist's Book Shop.
 10333 | D:7      | Bought a scroll of identify for 22 gold pieces
 10599 | D:7      | Reached *** piety under Dithmenos
 11105 | D:7      | Found Ystrohau's Antique Weapon Boutique.
 11189 | D:6      | Acquired the +1 cloak "Tizir" {rElec rC+}
 11921 | D:8      | Learned a level 5 spell: Borgnjor's Vile Clutch
 12784 | D:10     | Entered Level 10 of the Dungeon
 12868 | D:10     | Found a flagged portal.
 12882 | Bailey   | Entered a bailey
 12988 | Bailey   | Reached skill level 11 in Conjurations
 13270 | Bailey   | Reached skill level 5 in Air Magic
 13319 | Bailey   | Reached XP level 11. HP: 67/67 MP: 5/22
 13478 | Bailey   | Noticed an orc sorcerer
 13581 | Bailey   | Reached **** piety under Dithmenos
 13718 | Bailey   | Identified the +0 fire dragon scales of the Present {rPois
                  | rF++ rC- rN+}
 13977 | Bailey   | Found an iron altar of Okawaru.
 14520 | Bailey   | Noticed an orc knight
 14531 | Bailey   | Killed an orc knight
 14825 | Bailey   | Killed an orc sorcerer
 15102 | D:10     | Found a blossoming altar of Fedhas.
 15105 | D:10     | Found a glowing silver altar of Zin.
 15108 | D:10     | Found a broken altar of Ashenzari.
 15111 | D:10     | Found an ornate altar of the Wu Jian Council.
 15119 | D:10     | Noticed Josephine
 15141 | D:10     | HP: 3/61 [Josephine/ghostly fireball (16)]
 15144 | D:10     | Killed Josephine
 15153 | D:10     | HP: 2/68 [wraith[Josephine] (7)]
 15582 | D:10     | Noticed a two-headed ogre
 15588 | D:10     | Killed a two-headed ogre
 15660 | D:10     | Noticed Snorg
 15669 | D:10     | Slain by Snorg

Illustrated notes

Levels and vault maps discovered:
D:1:      psy_arrival_basics, layout_rooms
D:2:      layout_loops_ring, uniq_jessica
D:3:      layout_loops_ring
D:4:      cheibrodos_barr_body, layout_rooms
D:5:      layout_loops_corners, lemuel_zombie_altar_kikubaaqudgha,
          minmay_temple_entry_gardened_gates, gup_sewer_entry_bubbles,
          uniq_menkaure
D:6:      layout_basic, nicolae_overflow_hidden_temple, uniq_edmund
D:7:      layout_rooms, serial_shops, shop, shop, shop,
          nicolae_shop_advertising_works [nicolae_subvault_shop_adworks],
          minmay_unpleasant_kobolds
D:8:      layout_basic
D:9:      layout_gridville, lair_entry_dummy, ebering_ghost_funeral_grove,
          eino_jars
D:10:     layout_basic, grunt_temple_overflow_cloverleaf, enter_bailey_5,
          uniq_snorg, uniq_josephine
Temple:   nicolae_temple_superstar

Skill      XL: |  1  2  3  4  5  6  7  8  9 10 11 |
---------------+----------------------------------+-----
Fighting       | 1 2 3 4 6 7 |  7.8
Conjurations   | 6 7 8 10 11 | 11.8
Stealth        | 3 |  3.0
Alchemy        | 1 2 4 |  4.5
Spellcasting   | 3 4 6 7 |  7.5
Dodging        | 3 4 5 6 7 8 |  8.6
Air Magic      | 2 5 6 |  6.5
Translocations | 1 3 4 |  4.0

Action                     |  1- 3 |  4- 6 |  7- 9 | 10-12 || total
---------------------------+-------+-------+-------+-------++-------
  Melee: Unarmed           |     3 |       |       |       ||     3
         Short sword       |       |    18 |    27 |       ||    45
         Kick              |       |     4 |    10 |     5 ||    19
         Peck              |       |     2 |     5 |     1 ||     8
         Punch             |       |       |     1 |     1 ||     2
         Dagger            |       |       |     6 |    14 ||    20
   Cast: Magic Dart        |    80 |    57 |   151 |   263 ||   551
         Searing Ray       |     5 |    22 |    60 |    88 ||   175
         Fulminant Prism   |       |       |     7 |    37 ||    44
    Use: Scroll            |       |     5 |     6 |     9 ||    20
         Potion            |       |       |       |     6 ||     6
 Armour: Robe              |     3 |    11 |    31 |    84 ||   129
         Fire dragon scale |       |       |       |    40 ||    40
  Dodge: Dodged            |    17 |    20 |   118 |   340 ||   495
